 Dungeon Crawl Stone Soup version 0.29-a0-993-g4a18f31a58 (webtiles) character file.

Game seed: 1245358972604183259

1479 flotson the Trooper (level 8, -1/63 HPs)
             Began as a Demonspawn Delver on Aug 2, 2022.
             Slain by Duvessa
             ... wielding a +0 rapier of protection
              (19 damage)
             ... on level 6 of the Dungeon.
             The game lasted 00:09:12 (7085 turns).

flotson the Trooper (Demonspawn Delver)             Turns: 7085, Time: 00:09:13

Health: -1/63      AC:  7    Str: 16    XL:     8   Next: 50%
Magic:  8/8        EV: 14    Int: 11    God:
Gold:   273        SH:  0    Dex: 14    Spells: 7/7 levels left

rFire   . . .      SeeInvis +   a - +2 spear (venom)
rCold   . . .      Faith    .   (no shield)
rNeg    . . .      Spirit   .   h - +0 scale mail
rPois   .          Reflect  .   (no helmet)
rElec   .          Harm     .   (no cloak)
rCorr   .          Rampage  .   (no gloves)
Will    +....                   (no boots)
Stlth   +.........              (no amulet)
HPRegen 0.20/turn               y - ring of willpower
MPRegen 0.22/turn               C - ring of see invisible

@: hasted, very quick
A: repulsion field 2, spiny 2, magic regeneration
a: no special abilities


You were on level 6 of the Dungeon.
You visited 1 branch of the dungeon, and saw 6 of its levels.

You collected 273 gold pieces.

Inventory:

Hand Weapons
 a - a +2 spear of venom (weapon)
 b - a +0 sling
Missiles
 j - 6 javelins
 q - 6 poisoned darts (quivered)
 G - a throwing net
Armour
 h - a +0 scale mail (worn)
Jewellery
 y - a ring of willpower (left hand)
 C - a ring of see invisible (right hand)
 F - a ring of protection from cold
Wands
 g - a wand of digging (3)
 D - a wand of light (9)
 H - a wand of flame (20)
Scrolls
 c - a scroll of fog
 d - a scroll of immolation {unknown}
 e - 5 scrolls of identify {unknown}
 r - 2 scrolls of enchant weapon {unknown}
 t - 2 scrolls of teleportation {unknown}
 u - a scroll of noise {unknown}
 v - a scroll of fear
 A - 2 scrolls of brand weapon {unknown}
 E - a scroll of magic mapping
Potions
 i - 6 potions of curing {unknown}
 k - 3 potions of might {unknown}
 l - a potion of mutation {unknown}
 m - a potion of invisibility {unknown}
 n - a potion of lignification {unknown}
 o - a potion of ambrosia {unknown}
 p - a potion of attraction {unknown}
 s - a potion of heal wounds {unknown}
 w - 2 potions of resistance {unknown}
 x - a potion of berserk rage {unknown}
 z - 2 potions of flight {unknown}
 B - a potion of brilliance {unknown}
 I - a potion of cancellation {unknown}


   Skills:
 + Level 5.5 Fighting
 + Level 2.6 Polearms
 + Level 3.9 Throwing
 + Level 4.0 Armour
 + Level 4.5 Dodging
 - Level 4.5 Stealth
 + Level 4.3 Evocations


You had 7 spell levels left.
You didn't know any spells.
Your spell library contained the following spells:

 Spells                   Type           Power      Damage    Failure   Level
 Necrotise                Necr           0%         1d4       77%         1
 Ensorcelled Hibernation  Hex/Ice        0%         N/A       88%         2
 Passwall                 Tmut/Erth      0%         N/A       88%         2
 Swiftness                Air            0%         N/A       98%         3
 Vampiric Draining        Necr           0%         2d6       98%         3
 Agony                    Necr           0%         N/A       100%        5


Dungeon Overview and Level Annotations

Branches:
Dungeon (6/15)
 Temple: D:4-7

Altars:
Fedhas
Hepliaklqana
Kikubaaqudgha
Makhleb
Okawaru
Qazlal
Trog
Wu Jian
Yredelemnul

Annotations:
D:3 1 runed translucent door
D:6 Duvessa


Innate Abilities, Weirdness & Mutations

You are surrounded by a moderate repulsion field. (EV +3)
You are mostly covered in sharp spines.
You regenerate magic rapidly.


Message History

You hit Dowan.
Dowan looks as sick as possible!
Dowan is heavily wounded.
Dowan is struck by your spines.
You kill Dowan!
Duvessa screams in rage.
Duvessa goes berserk!
Your Armour skill increases to level 4!
You hit Duvessa.
Duvessa is poisoned.
Duvessa is lightly wounded.
Duvessa hits you with a +0 rapier of protection!
You barely miss Duvessa.
Duvessa is lightly wounded.
Duvessa hits you with a +0 rapier of protection!
You hit Duvessa but do no damage.
Duvessa is lightly wounded.
Duvessa barely misses you.
Duvessa hits you with a +0 rapier of protection!!
You are too injured to fight recklessly!
You are too injured to fight recklessly!
You are too injured to fight recklessly!
You are too injured to fight recklessly!
You are too injured to fight recklessly!
You are too injured to fight recklessly!
You are too injured to fight recklessly!
Duvessa attacks as you move away!
Duvessa hits you with a +0 rapier of protection.
You can't see any enemies this would affect, really read the scroll of fear?
Okay, then.
Okay, then.
Unknown command.
You feel yourself speed up.
Duvessa hits you with a +0 rapier of protection.
Duvessa barely misses you.
Duvessa rages.
Duvessa attacks as you move away!
Duvessa hits you with a +0 rapier of protection.
* * * LOW HITPOINT WARNING * * *
Duvessa attacks as you move away!
Duvessa hits you with a +0 rapier of protection!!
You die...

#..?.######### ###...##..
.#............# #.........
............#.# ###.#.#...
............#.# #.#.....
..?.........#.## #.#.....
............#..## #.#.....
..#.............##++######'#....#
###.[............#..##..........#
###########..e@.<..'...........
#...###.##...........
#...###.##...........
######..#....#.......
#.....#....#.......
########...#.......
~~~##...#....... ######......>...
#.##...


You could see Duvessa (berserk, poisoned).

Vanquished Creatures
  An acid dragon (D:5)
  An ice beast (D:5)
  2 ogres
  3 phantoms
  A gnoll sergeant (D:5)
  2 necrophages
  2 scorpions
  Dowan (D:6)
  3 hounds
  A jelly (D:5)
  2 orc priests (D:3)
  A human zombie (D:3)
  A gnoll bouda (D:6)
  An iguana (D:5)
  2 orc wizards
  8 gnolls
  4 adders
  A white imp (D:6)
  3 worms
  A dart slug (D:3)
  13 orcs
  11 endoplasms
  A giant cockroach (D:2)
  7 goblins
  8 hobgoblins
  8 kobolds
  7 quokkas
  8 ball pythons
  7 bats
  4 frilled lizards
  A goblin skeleton (D:3)
  7 rats
123 creatures vanquished.

Vanquished Creatures (others)
  2 fungi (D:6)
2 creatures vanquished.

Grand Total: 125 creatures vanquished

Notes
Turn   | Place    | Note
-------+----------+-------------------------------------------
     0 | D:5      | flotson the Demonspawn Delver began the quest for the Orb.
     0 | D:5      | Reached XP level 1. HP: 18/18 MP: 1/1
   121 | D:4      | Noticed a necrophage
   127 | D:3      | Noticed a human
   127 | D:3      | Found a runed translucent door.
   307 | D:1      | Found a faded altar of an unknown god.
   307 | D:1      | Noticed a golden eye
   313 | D:1      | Noticed a great orb of eyes
   314 | D:1      | Noticed an eye of devastation
   314 | D:1      | Noticed a shining eye
   400 | D:1      | Gained mutation: You are partially covered in sharp spines.
                  | [demonic ancestry]
   400 | D:1      | Reached XP level 2. HP: 24/24 MP: 2/2
   448 | D:1      | Reached skill level 1 in Evocations
   804 | D:1      | Reached XP level 3. HP: 29/29 MP: 3/3
   925 | D:1      | Reached skill level 1 in Armour
  1571 | D:2      | Reached skill level 1 in Throwing
  1613 | D:2      | Killed a necrophage
  1614 | D:2      | Gained mutation: You regenerate magic rapidly. [demonic
                  | ancestry]
  1614 | D:2      | Reached XP level 4. HP: 34/37 MP: 4/4
  1729 | D:3      | Found a basalt altar of Yredelemnul.
  1749 | D:3      | Gained mutation: You are mostly covered in sharp spines.
                  | [demonic ancestry]
  1749 | D:3      | Reached XP level 5. HP: 34/42 MP: 5/5
  2157 | D:3      | Reached skill level 4 in Fighting
  2569 | D:3      | Found a burning altar of Makhleb.
  2672 | D:4      | Noticed an ogre
  2678 | D:4      | Killed an ogre
  2679 | D:4      | Reached XP level 6. HP: 46/48 MP: 6/6
  3183 | D:4      | Found an ornate altar of the Wu Jian Council.
  3183 | D:4      | Found a blossoming altar of Fedhas.
  3214 | D:4      | Found a faded altar of an unknown god.
  3216 | D:4      | Found a stormy altar of Qazlal.
  3218 | D:4      | Found a hazy altar of Hepliaklqana.
  3353 | D:5      | Noticed an ice beast
  3360 | D:5      | Killed an ice beast
  3361 | D:5      | Gained mutation: You are surrounded by a mild repulsion
                  | field. (EV +2) [demonic ancestry]
  3361 | D:5      | Reached XP level 7. HP: 43/55 MP: 7/7
  4459 | D:5      | Reached skill level 5 in Fighting
  4541 | D:5      | Found a bloodstained altar of Trog.
  4736 | D:5      | Found an iron altar of Okawaru.
  4755 | D:5      | Gained mutation: You are surrounded by a moderate repulsion
                  | field. (EV +3) [demonic ancestry]
  4755 | D:5      | Reached XP level 8. HP: 62/62 MP: 8/8
  5036 | D:4      | HP: 3/62 [poisoned by a gnoll sergeant]
  5039 | D:4      | HP: 1/62 [poisoned by a gnoll sergeant]
  5422 | D:5      | Found a bloodstained altar of Trog.
  5570 | D:5      | Found an ancient bone altar of Kikubaaqudgha.
  5620 | D:5      | Found an iron altar of Okawaru.
  5940 | D:5      | Found a bloodstained altar of Trog.
  6158 | D:5      | Found an iron altar of Okawaru.
  6438 | D:5      | Found a bloodstained altar of Trog.
  7064 | D:6      | Noticed Dowan
  7066 | D:6      | Noticed Duvessa
  7068 | D:6      | Killed Dowan
  7085 | D:6      | Slain by Duvessa

Illustrated notes

Levels and vault maps discovered:
D:1:      dpeg_arrival_rooms_a, layout_basic,
          hellmonk_ecumenical_altar_watching_god, st_stairs_12,
          hangedman_feature_mirror
D:2:      layout_basic
D:3:      layout_loops_cross, dk_yredelemnul_ordeal,
          mainiacjoe_overflow_alcove_1, lightli_temple_of_fire
D:4:      layout_basic, chequers_temple_overflow_minitemple,
          minmay_three_crescents
D:5:      layout_loops_cross, bloody_trog, nicolae_overflow_hidden_temple
D:6:      minmay_polygon_palace, layout_basic, serial_aquarium,
          aquarium_bridge_square [aquarium_subvault_wall,
          aquarium_subvault_wall, aquarium_subvault_wall,
          aquarium_subvault_bridge], aquarium_bridge_long_separate
          [aquarium_subvault_bridge, aquarium_subvault_balcony,
          aquarium_subvault_bridge, aquarium_subvault_wall,
          aquarium_subvault_bridge, aquarium_subvault_bridge],
          aquarium_window_fake, aquarium_window_fake, aquarium_window_3,
          aquarium_window_1, aquarium_view_2a, aquarium_pool_corner,
          dreamdust_princess_bridge, uniq_duvessa

Skill      XL: |  1  2  3  4  5  6  7  8 |
---------------+-------------------------+-----
Dodging        | 2 3 4 |  4.5
Evocations     | 1 2 3 4 |  4.3
Armour         | 1 2 3 4 |  4.0
Throwing       | 1 2 3 |  3.9
Fighting       | 4 5 |  5.5
Polearms       | 2 |  2.6
Stealth        | |  4.5

Action                   |  1- 3 |  4- 6 |  7- 9 || total
-------------------------+-------+-------+-------++-------
Melee: Spear             |    71 |       |    55 ||   126
       Dagger            |    38 |   101 |    35 ||   174
       Halberd           |       |       |    32 ||    32
       Punch             |       |       |     1 ||     1
 Fire: Sling             |     7 |       |       ||     7
Throw: Javelin           |     2 |     4 |     6 ||    12
       Dart              |       |       |     5 ||     5
  Use: Scroll            |     2 |       |       ||     2
       Potion            |     1 |       |     1 ||     2
 Stab: Sleeping          |     3 |     6 |     3 ||    12
Armor: Scale mail        |    62 |    20 |    29 ||   111
Dodge: Dodged            |    51 |    29 |    48 ||   128

Table legend: (Time is in decaauts)
 A = Elapsed time spent in this place.
 B = Non-inter-level travel time spent in this place.
 C = Inter-level travel time spent in this place.
 D = Time resting spent in this place.
 E = Time spent auto-exploring this place.
 F = Levels seen in this place.
 G = Mean time per level.
                   A        B        C        D        E       F      G
               +--------+--------+--------+--------+--------+-----+--------+
         Total |   7082 |   6774 |    308 |    668 |   5138 |   6 | 1180.3 |
       Dungeon |   7082 |   6774 |    308 |    668 |   5138 |   6 | 1180.3 |
               +--------+--------+--------+--------+--------+-----+--------+

Top non-repeatable levels by time:
     D:5: 2687 daAuts
     D:4: 1458 daAuts
     D:1: 958 daAuts
     D:3: 955 daAuts
     D:2: 607 daAuts
     D:6: 415 daAuts
